Map: Void Thrashing

Players

Kael

  • Race: Terran Terran
  • Spawn Location: 6:00

NamroodTuo

  • Race: Terran Terran
  • Spawn Location: 9:00

VOD

Have the link to the VOD?

Description

Time

  • Played on: Jan. 20, 2023, 9:23 a.m.
  • Length: 21:43
Show
View Real Time Build Order
Export as new Build Order

Kael Terran 

Build Orders:  

Get SALT Encoding   

  12  0:04  SCV  
  13  0:21  SCV  
  14  0:30  Refinery  
  14  0:38  SCV  
  15  0:50  Refinery  
  15  0:55  SCV  
  16  1:12  SCV  
  17  1:20  Barracks  
  17  1:29  SCV  
  18  1:46  SCV  
  19  1:55  Engineering Bay  
  19  2:03  SCV  
  15  2:20  SCV  
  20  2:24  Engineering Bay  
  20  2:25  Unknown  
  21  2:36  SCV  
  22  2:53  SCV  
  23  3:00  Barracks Tech Lab  
  23  3:10  SCV  
  24  3:27  SCV  
  25  3:44  SCV  
  26  4:01  SCV  
  27  4:27  Spec Ops Ghost  
  31  4:45  EMP Round  
  31  5:28  Elite Marine  
  35  5:53  Terran Infantry Weapons Level 1  
  35  5:54  Terran Infantry Armor Level 1  
  35  6:19  Factory  
  35  6:25  Laser Targeting System  
  35  7:05  SCV  
  36  7:18  Command Center  
  36  7:32  Armory  
  36  7:36  SCV  
  37  7:59  Refinery  
  37  8:25  Starport  
  37  8:45  Ghost Visor  
  37  9:06  SCV x2  
  39  9:23  SCV x2  
  39  9:27  Elite Marine  
  45  9:40  SCV x2  
  47  10:11  Spec Ops Ghost  
  51  10:24  Defensive Drone  
  50  11:13  Defensive Drone  
  50  12:10  Starport Tech Lab  
  50  12:35  SCV x2  
  52  12:40  Refinery  
  52  12:47  Spec Ops Ghost  
  52  12:49  Elite Marine  
  60  12:52  SCV x2  
  60  12:56  Raven Type-II  
  64  13:09  SCV x2  
  66  13:26  SCV  
  67  13:43  SCV  
  68  14:00  SCV  
  69  14:11  Spec Ops Ghost  
  69  14:17  SCV  
  74  14:27  Defensive Drone  
  74  14:34  SCV  
  75  14:51  SCV  
  75  15:24  Defensive Drone  
  72  16:20  Spec Ops Ghost  
  76  16:58  SCV  
  77  17:06  Terran Infantry Weapons Level 2  
  77  17:08  Terran Infantry Armor Level 2  
  77  17:15  SCV  
  78  17:32  SCV  
  78  17:46  Spec Ops Ghost  
  82  17:52  Elite Marine  
  86  18:55  Defensive Drone  
  75  20:46  Spec Ops Ghost  
  75  20:48  Spec Ops Ghost  
  83  20:50  Elite Marine  
Show
View Real Time Build Order
Export as new Build Order

NamroodTuo Terran 

Build Orders:  

Get SALT Encoding   

  12  0:03  SCV  
  13  0:16  SCV  
  14  0:30  SCV  
  14  0:32  Supply Depot  
  15  0:53  Refinery  
  15  0:55  Refinery  
  15  1:02  SCV  
  16  1:15  SCV  
  17  1:23  Factory  
  17  1:29  SCV  
  18  1:43  SCV  
  19  1:56  SCV  
  19  1:59  Supply Depot  
  20  2:10  SCV  
  21  2:23  SCV  
  22  2:31  Supply Depot  
  22  2:34  Factory Tech Lab  
  22  2:37  SCV  
  23  2:47  Devastation Turret  
  23  2:50  SCV  
  24  3:04  SCV  
  25  3:16  Hellbat  
  25  3:18  SCV  
  26  3:20  Supply Depot  
  28  3:32  Perdition Turret  
  28  3:41  SCV  
  29  3:54  SCV  
  30  4:08  SCV  
  30  4:09  Devastation Turret  
  31  4:22  SCV  
  31  4:29  Perdition Turret  
  32  4:35  SCV  
  32  4:37  Perdition Turret  
  33  4:52  Devastation Turret  
  33  5:01  Goliath  
  33  5:02  Perdition Turret  
  35  5:33  Goliath  
  37  5:42  Perdition Turret  
  37  5:57  Armory  
  37  6:02  Engineering Bay  
  37  6:05  Ares-Class Targeting System  
  37  6:06  Devastation Turret  
  37  6:12  Goliath  
  39  6:23  Perdition Turret  
  39  6:35  Perdition Turret  
  39  6:47  Perdition Turret x2  
  39  6:49  Perdition Turret  
  35  6:52  Devastation Turret  
  35  6:59  Devastation Turret  
  35  7:29  Spinning Dizzy, Devastation Turret  
  35  7:40  Terran Vehicle and Ship Weapons Level 1  
  35  7:47  Structure Armor  
  35  7:50  Spinning Dizzy  
  35  7:58  Spinning Dizzy  
  35  8:00  Goliath  
  37  8:12  Supply Depot  
  37  8:22  Spinning Dizzy  
  37  8:32  Goliath  
  39  9:04  Goliath, Supply Depot  
  41  9:36  Goliath  
  41  9:37  Supply Depot  
  43  9:56  SCV  
  44  10:08  Goliath  
  44  10:09  SCV  
  47  10:39  Goliath  
  49  11:11  Goliath  
  49  11:13  Command Center  
  51  11:22  Devastation Turret  
  51  11:28  Perdition Turret  
  49  11:43  Goliath  
  51  12:15  Goliath  
  53  12:21  Devastation Turret  
  51  12:42  Devastation Turret  
  51  12:47  Goliath  
  53  12:52  Spinning Dizzy  
  53  13:00  SCV  
  53  13:01  Spinning Dizzy  
  53  13:09  Perdition Turret  
  54  13:14  SCV  
  54  13:19  Goliath  
  57  13:23  Spinning Dizzy  
  57  13:27  SCV  
  58  13:34  Devastation Turret  
  58  13:41  SCV  
  59  13:51  Goliath  
  59  13:55  SCV  
  56  14:08  SCV  
  53  14:21  Terran Vehicle and Ship Weapons Level 2  
  53  14:23  Goliath  
  53  14:28  Infernal Pre-Igniter  
  55  14:47  SCV  
  56  14:55  Goliath  
  56  14:57  Refinery  
  58  15:00  Refinery  
  58  15:01  SCV  
  59  15:14  SCV  
  60  15:27  Goliath  
  60  15:28  SCV  
  63  15:41  SCV  
  64  15:54  Hi-Sec Auto Tracking  
  64  15:59  Goliath, SCV  
  67  16:09  Spinning Dizzy  
  67  16:13  SCV  
  68  16:26  SCV  
  69  16:30  Devastation Turret  
  69  16:40  SCV  
  69  16:41  Factory  
  69  16:47  Factory  
  70  16:53  SCV  
  70  16:58  Perdition Turret  
  71  17:07  SCV  
  54  17:31  Terran Vehicle And Ship Armor Level 1  
  54  17:46  Factory Tech Lab  
  54  17:49  Factory Tech Lab  
  54  18:06  Supply Depot  
  56  18:26  Siege Tank x3  
  59  18:39  Supply Depot  
  59  18:52  Maelstrom Rounds  
  59  19:02  Siege Tank x3  
  68  19:10  Supply Depot  
  68  19:38  Siege Tank x3  
  77  19:41  Supply Depot  
  74  20:12  Supply Depot  
  74  20:13  Siege Tank  
  74  20:14  Siege Tank x2  
  83  20:44  Supply Depot  
  83  20:49  Siege Tank  
  86  20:50  Siege Tank x2  
  92  21:17  Supply Depot  
Tags
 
Commander
NovaSwann
Matchup
Co-op
Replay Pack
Multiplayer
Add a new tag
Caveats
  • Supply blocks, unpowered buildings, or Contaminate may cause inaccurate times.
  • Supply counts are checked every 10 seconds.